AoeStats
← Malcolm Little

Arena

507393669Analyzed
4v4 RM · 15d ago on Sep 18, 2026· 73m 51s· 8 players
Game mode
Random Map
Map size
Large (8 player)
Population
200
Speed
Normal
Resources
Standard
Victory
Conquest
Starting age
Dark Age
Ending age
Imperial Age
RankedLock teamsTeams togetherTeam positionsShared explorationLock speedFull tech treeHidden civsTurbo modeCheats
Victory
Defeat
🇧🇷 Teutons · Brazil
1407
+16
🇺🇸 Spanish · United States
1356
+18
🇩🇴 Bengalis · Dominican Republic
1345
+18
🇺🇸 Turks · United States
1269
+21
🇦🇷 Persians · Argentina
1590
-26
🇨🇳 Sicilians · China
1432
-20
🇨🇳 Dravidians · China
1336
-16
🇨🇳 Khmer · China
1205
-11
hehe xd
10:00 Feudal Age
15:14 Castle Age
14:55 Loom
15:00 Double-Bit Axe
17:53 Padded Archer Armor
24:14 Leather Archer Armor
24:45 Loom
25:47 Wheelbarrow
29:51 Imperial Age
27:15 Horse Collar
27:50 Bow Saw
27:28 Loom
29:22 Heavy Plow
30:15 Hand Cart
29:47 Town Watch
30:02 Stone Mining
30:46 Gold Mining
31:30 Conscription
33:08 Gold Shaft Mining
32:53 Elite Janissary
34:32 Ring Archer Armor
38:16 Artillery
41:28 Hoardings
40:51 Murder Holes
42:10 Bombard Tower
43:26 Scale Barding Armor
43:32 Forging
45:34 Masonry
45:04 Treadmill Crane
48:12 Bloodlines
48:03 Husbandry
50:00 Guilds
52:05 Iron Casting
51:51 Chain Barding Armor
51:37 Caravan
56:08 Architecture
57:08 Plate Barding Armor
57:28 Plate Barding Armor
65:04 Fortified Wall
65:25 Architecture
66:26 Two-Man Saw
71:13 Arrowslits
Returned_Legend
11:24 Feudal Age
10:13 Loom
12:55 Horse Collar
15:20 Castle Age
13:12 Double-Bit Axe
16:12 Bow Saw
16:39 Wheelbarrow
16:28 Heavy Plow
17:29 Scale Barding Armor
18:07 Gold Mining
19:29 Bloodlines
21:14 Husbandry
26:53 Hand Cart
26:31 Stone Mining
27:26 Chain Barding Armor
30:21 Stone Shaft Mining
31:45 Forging
30:57 Pikeman
31:38 Squires
31:23 Gambesons
34:25 Imperial Age
32:07 Town Watch
32:26 Arson
32:44 Scale Mail Armor
35:30 Conscription
36:20 Two-Man Saw
34:42 Halberdier
36:06 Iron Casting
35:47 Chain Mail Armor
36:40 Chemistry
37:55 Blast Furnace
37:17 Masonry
37:28 Ballistics
38:12 Plate Mail Armor
39:56 Architecture
39:05 Light Cavalry
40:43 Plate Barding Armor
42:13 Caravan
48:57 Cavalier
51:36 Capped Ram
52:35 Siege Ram
52:46 Hussar
55:32 Bombard Tower
55:08 Murder Holes
56:50 Sappers
57:58 Hoardings
58:46 Arrowslits
58:53 Fletching
59:49 Man-at-Arms
61:18 Bodkin Arrow
61:25 Padded Archer Armor
61:19 Guard Tower
61:10 Long Swordsman
62:31 Two-Handed Swordsman
62:47 Paladin
65:31 Champion
Malcolm Little
11:20 Feudal Age
15:17 Castle Age
15:33 Loom
17:37 Sanctity
18:54 Double-Bit Axe
21:36 Redemption
31:17 Horse Collar
32:01 Fletching
Tylenol
11:22 Feudal Age
14:52 Castle Age
12:40 Horse Collar
12:56 Double-Bit Axe
15:49 Bow Saw
15:40 Heavy Plow
21:25 Wheelbarrow
23:21 Hand Cart
24:29 Gold Mining
24:41 Loom
29:41 Imperial Age
27:32 Forging
28:53 Iron Casting
28:18 Scale Mail Armor
28:42 Ballistics
28:24 Squires
28:09 Arson
27:45 Pikeman
29:48 Halberdier
31:37 Chemistry
31:39 Chain Mail Armor
32:25 Blast Furnace
32:41 Two-Man Saw
33:17 Blast Furnace
32:08 Onager
32:14 Heavy Scorpion
34:57 Plate Mail Armor
36:38 Conscription
36:55 Hoardings
36:12 Fletching
36:34 Masonry
37:17 Bodkin Arrow
38:33 Siege Engineers
39:40 Stone Mining
41:53 Illumination
42:14 Arrowslits
45:08 Crop Rotation
46:04 Ironclad
46:05 Crenellations
46:22 Hoardings
49:17 Stone Shaft Mining
48:33 Elite Teutonic Knight
55:43 Fortified Wall
56:00 Scale Barding Armor
55:41 Town Watch
57:03 Chain Barding Armor
56:52 Cavalier
57:43 Bloodlines
58:31 Plate Barding Armor
58:00 Paladin
65:25 Caravan
68:34 Coinage
69:26 Guard Tower
70:46 Keep
iM 我要打十个
1:06 Loom
5:19 Loom
11:42 Feudal Age
14:47 Castle Age
12:31 Horse Collar
12:36 Double-Bit Axe
16:01 Loom
17:28 Loom
19:04 Loom
19:54 Heavy Plow
20:06 Bow Saw
21:38 Gold Mining
23:31 Coinage
28:08 Imperial Age
27:37 Town Watch
30:21 Chemistry
29:41 Ballistics
29:32 Elite Battle Elephant
30:27 Scale Barding Armor
31:02 Gold Shaft Mining
31:54 Banking
32:15 Siege Engineers
32:29 Bloodlines
32:20 Husbandry
32:16 Light Cavalry
33:27 Chain Barding Armor
33:18 Forging
34:43 Crop Rotation
35:25 Iron Casting
37:14 Plate Barding Armor
37:40 Blast Furnace
39:25 Wheelbarrow
39:49 Town Patrol
40:44 Hand Cart
40:26 Stone Mining
41:13 Tusk Swords
41:36 Conscription
41:42 Masonry
41:29 Murder Holes
41:43 Double Crossbow
41:55 Double Crossbow
41:38 Elite Skirmisher
42:38 Fletching
42:49 Padded Archer Armor
42:24 Crossbowman
43:53 Devotion
43:42 Arbalester
44:23 Bodkin Arrow
44:44 Leather Archer Armor
45:39 Double Crossbow
45:00 Elite Ballista Elephant
45:03 Hussar
46:25 Bracer
46:56 Ring Archer Armor
47:08 Architecture
46:49 Fortified Wall
47:03 Scale Mail Armor
48:24 Cavalier
50:55 Stone Shaft Mining
49:48 Onager
51:47 Capped Ram
52:10 Heavy Scorpion
57:59 Man-at-Arms
58:25 Arson
58:02 Pikeman
59:16 Siege Ram
61:29 Sanctity
64:24 Halberdier
64:24 Long Swordsman
72:43 Long Swordsman
嚯嚯嚯嚯
9:57 Feudal Age
13:43 Castle Age
12:09 Double-Bit Axe
12:18 Horse Collar
21:37 Wheelbarrow
22:51 Bow Saw
24:15 Devotion
24:48 Gold Mining
26:11 Scale Barding Armor
26:17 Forging
29:02 Imperial Age
26:49 Husbandry
26:10 Light Cavalry
27:38 Bloodlines
28:24 Chain Barding Armor
28:39 Iron Casting
28:32 Loom
28:32 Town Watch
29:04 Hand Cart
28:58 Heavy Camel Rider
30:02 Capped Ram
30:25 Cavalier
32:11 Savar
33:29 Plate Barding Armor
34:13 Conscription
34:53 Iron Casting
34:09 Fletching
35:03 Siege Ram
36:54 Coinage
38:04 Chemistry
37:00 Bodkin Arrow
38:09 Blast Furnace
39:17 Banking
40:32 Bodkin Arrow
40:05 Elite War Elephant
41:12 Ballistics
41:44 Masonry
42:39 Hoardings
42:41 Citadels
44:04 Citadels
44:20 Kamandaran
46:37 Crossbowman
47:18 Padded Archer Armor
48:31 Heavy Plow
49:34 Two-Man Saw
49:23 Thumb Ring
50:21 Man-at-Arms
50:46 Gambesons
51:01 Squires
50:47 Arson
51:04 Scale Mail Armor
60:14 Pikeman
61:03 Halberdier
61:06 Long Swordsman
62:36 Architecture
63:28 Chain Mail Armor
68:34 Plate Mail Armor
71:00 Heavy Cavalry Archer
72:05 Parthian Tactics
不会打弓
11:00 Feudal Age
12:15 Double-Bit Axe
12:11 Horse Collar
14:33 Castle Age
15:42 Heavy Plow
21:20 Loom
23:19 Bow Saw
24:46 Wheelbarrow
26:38 Gold Mining
27:42 Hand Cart
30:15 Imperial Age
27:53 Fletching
28:31 Bodkin Arrow
29:19 Gold Shaft Mining
28:43 Stone Mining
29:34 Ballistics
29:16 Scale Mail Armor
30:11 Chain Mail Armor
30:47 Forging
30:59 Masonry
30:45 Murder Holes
30:28 Elite Serjeant
31:43 Plate Mail Armor
30:43 Capped Ram
31:38 Bracer
32:45 Chemistry
32:40 Crop Rotation
31:36 Siege Ram
32:36 Arrowslits
32:57 Siege Engineers
34:24 Iron Casting
33:49 Padded Archer Armor
35:59 Squires
35:45 Arson
37:28 Guilds
40:57 Blast Furnace
42:17 Conscription
42:30 First Crusade
61:22 Pikeman
73:24 Halberdier
cloud678
1:33 Loom
11:15 Feudal Age
12:46 Wheelbarrow
15:23 Castle Age
13:48 Double-Bit Axe
14:45 Horse Collar
14:58 Stone Mining
19:52 Fletching
40:03 Heavy Plow
40:44 Hand Cart
40:58 Town Watch
45:52 Imperial Age
44:13 Bow Saw
44:41 Scale Mail Armor
44:52 Forging
45:39 Medical Corps
51:57 Caravan
53:39 Chain Mail Armor
54:00 Iron Casting
53:40 Pikeman
55:25 Plate Mail Armor
54:47 Halberdier
55:28 Squires
55:14 Gambesons
55:15 Arson
57:27 Man-at-Arms
59:19 Coinage
59:02 Guilds
60:38 Long Swordsman
62:19 Two-Handed Swordsman
Connection lost

Rejoining the realm…

Still unreachable

The connection could not be restored.

Session expired

The server has moved on; the page needs a fresh start.